 Dungeon Crawl Stone Soup version 0.31.0-11-ge490571c62 (webtiles) character file.

Game seed: 5263147607182705343

65 qw the Shooter (level 3, 0/18 HPs)
             Began as a Spriggan Hunter on Feb 4, 2024.
             Succumbed to an adder's poison
             ... on level 2 of the Dungeon.
             The game lasted 00:00:04 (933 turns).

qw the Shooter (Spriggan Hunter)                     Turns: 933, Time: 00:00:05

Health: 0/18       AC:  2    Str:  7    XL:     3   Next: 92%
Magic:  4/4        EV: 19    Int: 10    God:
Gold:   75         SH:  0    Dex: 20    Spells: 2/2 levels left

rFire   . . .        a - +0 shortbow
rCold   . . .        (shield currently unavailable)
rNeg    . . .        c - +0 robe
rPois   .            (helmet restricted)
rElec   .            (no cloak)
rCorr   .            (gloves unavailable)
SInv    +            (boots unavailable)
Will    .....        (no amulet)
Stlth   ++           (no ring)
HPRegen 0.23/turn    (no ring)
MPRegen 0.09/turn

%: no passive effects
@: lethally poisoned (0 -> -3), very quick
A: very small, no large weapons, unfitting armour, see invisible, speed 3
a: no special abilities


You were on level 2 of the Dungeon.
You visited 1 branch of the dungeon, and saw 2 of its levels.

You collected 75 gold pieces.


Innate Abilities, Weirdness & Mutations

You are very small and have problems with some larger weapons.
You are too small for most types of armour.
You have supernaturally acute eyesight. (SInv)
You cover ground extremely quickly. (Speed+++)


   Skills:
 - Level 1.5 Fighting
 - Level 5.0 Ranged Weapons
 + Level 4.0 Dodging
 - Level 1.5 Stealth


You had 2 spell levels left.
You didn't know any spells.
Your spell library was empty.

Inventory:

Hand Weapons
 a - a +0 shortbow (weapon)
Armour
 c - a +0 robe (worn)
Jewellery
 d - the ring "Quoneagg" {Fire Int+6}
   (You acquired it on level 1 of the Dungeon)

   [ring of fire]

   Fire:      It enhances your fire magic.
   Int+6:     It affects your intelligence (+6).
   rF+:       It protects you from fire.
   rC-:       It makes you vulnerable to cold.
Scrolls
 b - 3 scrolls of identify
 g - a scroll of teleportation
Potions
 f - a potion of berserk rage {unknown}
 l - a potion of might {unknown}
 m - a potion of attraction {unknown}

Dungeon Overview and Level Annotations

Branches:
Dungeon (2/15)

Altars:


Message History

The arrow hits the adder but does no damage.
You shoot an arrow. The arrow closely misses the adder.
You shoot an arrow. The arrow barely misses the adder.
You shoot an arrow. The arrow barely misses the adder.
The adder barely misses you.
You shoot an arrow. The arrow hits the adder.
The adder is lightly wounded.
The adder misses you. The adder bites you but does no damage.
You shoot an arrow. The arrow barely misses the adder.
The adder bites you.
You are poisoned.
The adder poisons you!
You shoot an arrow.
The arrow hits the adder but does no damage.
The adder is lightly wounded.
You feel sick. The adder barely misses you.
The adder bites you but does no damage.
You shoot an arrow. The arrow barely misses the adder.
You feel sick. The adder bites you.
You are more poisoned.
The adder poisons you!
You shoot an arrow. The arrow misses the adder.
You feel sick. The adder completely misses you. The adder closely misses you.
You shoot an arrow. The arrow barely misses the adder.
You feel sick. The adder barely misses you.
You shoot an arrow. The arrow hits the adder!
The adder is almost dead.
You feel sick. The adder bites you.
You are lethally poisoned!
The adder poisons you! The adder closely misses you.
You shoot an arrow. The arrow hits the adder.
You kill the adder!
You feel sick.
Your Ranged Weapons skill increases to level 5!
There is a lethal amount of poison in your body!
You feel sick.
There is a lethal amount of poison in your body!
You feel sick.
There is a lethal amount of poison in your body!
You die...

###.....#########
.........>......#
................#
........######..#
................#
####.#.#.#####..#
#.#..........#######
##
#.#.....###.%......#
..
.[...........@###....
.. .........#...%# #
####..............
#........#[...## ..
..#.........#.# ##
...###<#.# . .# #.#.#
## ..#.#


There were no monsters in sight!

Vanquished Creatures
  Terence (D:1)
  An adder (D:2)
  2 dart slugs (D:1)
  2 endoplasms
  A goblin (D:1)
  5 hobgoblins
  3 jackals (D:1)
  4 bats
  A frilled lizard (D:1)
  3 kobolds (D:1)
  A rat (D:1)
24 creatures vanquished.

Notes
Turn   | Place    | Note
-------+----------+-------------------------------------------
     0 | D:1      | qw the Spriggan Hunter began the quest for the Orb.
     0 | D:1      | Reached XP level 1. HP: 10/10 MP: 2/2
     0 | D:1      | 0 ||| qw: Version: 0.3-a-160-g6735b56
     0 | D:1      | 0 ||| qw: Game counter: 5874
     0 | D:1      | 0 ||| qw: Melee chars always use a shield: true
     0 | D:1      | 0 ||| qw: God list: Okawaru
     0 | D:1      | 0 ||| qw: Allow faded altars: false
     0 | D:1      | 0 ||| qw: Do Orc after clearing Dungeon:15 true
     0 | D:1      | 0 ||| qw: Do second Lair branch before Depths: true
     0 | D:1      | 0 ||| qw: Lair rune preference: random
     0 | D:1      | 0 ||| qw: Goals: Normal
     0 | D:1      | 0 ||| PLANNING D:1-11
    17 | D:1      | Reached skill level 3 in Dodging
    92 | D:1      | Reached XP level 2. HP: 14/14 MP: 3/3
   622 | D:1      | 622 ||| READING scroll labelled UNIAKH HIDA.
   622 | D:1      | 622 ||| IDENTIFYING gluggy blue potion
   623 | D:1      | 623 ||| READING 3 scrolls labelled ZAUJAJ TEADYUTU.
   626 | D:1      | 626 ||| READING scroll labelled SOLEMI ENYRR.
   727 | D:1      | 727 ||| READING 2 scrolls labelled REFUOPLAOPE.
   728 | D:1      | 728 ||| READING scroll labelled ZOUROY ANUGA.
   729 | D:1      | 729 ||| READING scroll labelled BUFOXKA QOIKK.
   729 | D:1      | Identified a scroll of acquirement
   729 | D:1      | 729 ||| ACQUIRING ring "Quoneagg" {Fire Int+6}
   729 | D:1      | Acquired the ring "Quoneagg" {Fire Int+6}
   731 | D:1      | 731 ||| DROPPING scroll of butterflies.
   732 | D:1      | 732 ||| DROPPING potion of brilliance.
   733 | D:1      | 733 ||| DROPPING scroll of summoning.
   766 | D:2      | Noticed Terence
   771 | D:2      | 771 ||| STAIRDANCE
   771 | D:2      | HP: 1/14 [Terence/+1 heavy hand axe (13)]
   773 | D:1      | 773 ||| READING 2 scrolls of teleportation.
   834 | D:1      | Killed Terence
   835 | D:1      | Reached XP level 3. HP: 18/18 MP: 4/4
   930 | D:2      | HP: 3/18 [poisoned by an adder]
   931 | D:2      | Reached skill level 5 in Ranged Weapons
   931 | D:2      | HP: 1/18 [poisoned by an adder]
   933 | D:2      | Succumbed to an adder's poison

Levels and vault maps discovered:
D:1:      eino_arrival_water_star, layout_loops_cross, skrybe_limestone_x
D:2:      layout_loops_ring, shapermc_ecumenical_altar_petra, uniq_terence

Skill      XL: |  1  2  3 |
---------------+----------+-----
Dodging        | 3 4 |  4.0
Ranged Weapons | 5 |  5.0
Fighting       | |  1.5
Stealth        | |  1.5

Action                     || total
---------------------------++-------
   Fire: Shortbow          ||    74
    Use: Scroll            ||     7
 Armour: Robe              ||     9
  Dodge: Dodged            ||    29

Table legend:
 A = Non-vault XP
 B = Vault XP
 C = Vault XP percentage of total XP
 D = Non-vault monster count
 E = Vault monster count
 F = Vault count percentage of total count
                 A         B        C        D         E       F
            +---------+---------+-------+---------+---------+-------
      Total |      57 |      36 |  38.7 |      23 |       1 |   4.2
            +---------+---------+-------+---------+---------+-------
        D:1 |      38 |      36 |  48.6 |      19 |       1 |   5.0
        D:2 |      19 |       0 |   0.0 |       4 |       0 |   0.0
            +---------+---------+-------+---------+---------+-------
